 Dungeon Crawl Stone Soup version 0.28.0-53-g5a82cb258f (webtiles) character file.

Game seed: 13960152787193453267

70 MisterFreud the Covert (level 4, 0/41 HPs)
             Began as a Gnoll Delver on June 29, 2022.
             Slain by an ogre
             ... wielding a +0 giant club
              (19 damage)
             ... on level 4 of the Dungeon.
             The game lasted 00:01:41 (632 turns).

MisterFreud the Covert (Gnoll Delver)                Turns: 632, Time: 00:01:42

Health: 0/41       AC:  3    Str: 11    XL:     4   Next: 21%
Magic:  4/5        EV: 13    Int: 11    God:
Gold:   18         SH:  0    Dex: 14    Spells: 5/5 levels left

rFire   . . .      SeeInvis .   a - +0 short sword
rCold   . . .      Faith    .   (no shield)
rNeg    . . .      Spirit   .   b - +0 leather armour
rPois   .          Reflect  .   (no helmet)
rElec   .          Harm     .   (no cloak)
rCorr   .          Rampage  .   (no gloves)
Will    .....                   (no boots)
Stlth   ++++......              (no amulet)
HPRegen 0.13/turn               (no ring)
MPRegen 0.09/turn               (no ring)

@: no status effects
A: fangs 1, strong nose, distributed training
a: no special abilities


You were on level 4 of the Dungeon.
You visited 1 branch of the dungeon, and saw 4 of its levels.

You collected 18 gold pieces.

Inventory:

Hand Weapons
 a - a +0 short sword (weapon)
Armour
 b - a +0 leather armour (worn)
Wands
 g - a wand of digging (3)
Scrolls
 c - a scroll of fog
 d - a scroll of magic mapping
 h - a scroll of vulnerability {unknown}
Potions
 f - a potion of haste


   Skills:
 + Level 6.6 Fighting
 + Level 4.6 Short Blades
 + Level 1.0 Long Blades
 + Level 1.0 Axes
 + Level 1.0 Maces & Flails
 + Level 1.0 Polearms
 + Level 1.0 Staves
 + Level 1.0 Slings
 + Level 1.0 Bows
 + Level 1.0 Crossbows
 + Level 1.0 Throwing
 + Level 1.0 Armour
 + Level 4.6 Dodging
 + Level 9.6 Stealth
 + Level 1.0 Shields
 + Level 1.0 Unarmed Combat
 + Level 1.0 Spellcasting
 + Level 0.8 Conjurations
 + Level 0.8 Hexes
 + Level 0.8 Summonings
 + Level 0.8 Necromancy
 + Level 0.8 Translocations
 + Level 0.8 Transmutations
 + Level 0.8 Fire Magic
 + Level 0.8 Ice Magic
 + Level 0.8 Air Magic
 + Level 0.8 Earth Magic
 + Level 0.8 Poison Magic
 + Level 1.1 Invocations
 + Level 1.0 Evocations


You had 5 spell levels left.
You didn't know any spells.
Your spell library was empty.

Dungeon Overview and Level Annotations

Branches:
Dungeon (6/15)
 Temple: D:4-7

Altars:
Trog


Innate Abilities, Weirdness & Mutations

You have very sharp teeth.
Your uncanny sense of smell can sniff out nearby items.
Your experience applies equally to all skills.


Message History

Your Invocations skill increases to level 1!
Your Evocations skill increases to level 1!
You have reached level 4!
You feel agile. The kobold misses you. The ball python bites you.
The ball python barely misses you.
You barely miss the ball python.
The ball python bites you but does no damage.
The ball python misses you.
You hit the ball python.
You kill the ball python!
You barely miss the kobold. The kobold closely misses you.
The kobold closely misses you.
You hit the kobold.
The kobold is severely wounded.
You barely miss the kobold.
The kobold is severely wounded.
The kobold barely misses you. The kobold closely misses you.
You hit the kobold.
You kill the kobold!
The endoplasm barely misses you.
You hit the endoplasm but do no damage.
The endoplasm hits you but does no damage.
You hit the endoplasm.
The endoplasm is moderately wounded.
The kobold throws a stone.
The stone misses you. The endoplasm misses you.
You puncture the endoplasm!
You kill the endoplasm!
The kobold throws a stone.
The stone hits you but does no damage.
An ogre comes into view. It is wielding a +0 giant club.
Things that are here:
a +0 whip; a stone; a kobold corpse The ogre shouts!
You hit the ogre. You punch the ogre. You bite the ogre.
The ogre is moderately wounded.
You hit the kobold.
The kobold is heavily wounded.
The ogre hits you with a +0 giant club!!
You die...

∆ .#.♣♣≈≈≈≈≈≈≈
.### J..♣≈≈≈≈≈≈≈≈
...# ∆ ...≈hP≈≈≈≈≈
#..# ...P≈≈≈≈
####..### #...♣≈≈
P
K.......####..#.♣
≈≈ #...†J..[..#
... ##.#####...#
..≈≈
#..O@K...####....♣
######.........# #
##..#.##.S..
...##.#.## ..
#.......## #.. ∆
#####....#...
#..#.#.# ##.#...
## #.#.##....∆


You could see an ogre and a kobold.

Vanquished Creatures
  A howler monkey (D:4)
  An iguana (D:4)
  2 endoplasms (D:4)
  A giant cockroach (D:4)
  A kobold (D:4)
  A ball python (D:4)
7 creatures vanquished.

Vanquished Creatures (others)
  8 plants (D:4)
8 creatures vanquished.

Grand Total: 15 creatures vanquished

Notes
Turn   | Place    | Note
-------+----------+-------------------------------------------
     0 | D:5      | Reached skill level 9 in Stealth
     0 | D:5      | MisterFreud the Gnoll Delver began the quest for the Orb.
     0 | D:5      | Reached XP level 1. HP: 23/23 MP: 1/1
    21 | D:6      | Noticed a phantom
    24 | D:6      | Noticed a black bear
    24 | D:6      | Noticed a hound
    39 | D:5      | Noticed an iguana
   136 | D:4      | Noticed an iguana
   143 | D:4      | Killed an iguana
   144 | D:4      | Reached XP level 2. HP: 29/29 MP: 2/2
   144 | D:4      | Reached XP level 3. HP: 35/35 MP: 3/3
   180 | D:4      | Noticed a scorpion
   458 | D:4      | Found a bloodstained altar of Trog.
   472 | D:4      | Noticed a phantom
   613 | D:4      | Reached skill level 1 in Long Blades
   613 | D:4      | Reached skill level 1 in Axes
   613 | D:4      | Reached skill level 1 in Maces & Flails
   613 | D:4      | Reached skill level 1 in Polearms
   613 | D:4      | Reached skill level 1 in Staves
   613 | D:4      | Reached skill level 1 in Slings
   613 | D:4      | Reached skill level 1 in Bows
   613 | D:4      | Reached skill level 1 in Crossbows
   613 | D:4      | Reached skill level 1 in Throwing
   613 | D:4      | Reached skill level 1 in Armour
   613 | D:4      | Reached skill level 1 in Shields
   613 | D:4      | Reached skill level 1 in Unarmed Combat
   613 | D:4      | Reached skill level 1 in Spellcasting
   613 | D:4      | Reached skill level 1 in Invocations
   613 | D:4      | Reached skill level 1 in Evocations
   613 | D:4      | Reached XP level 4. HP: 17/41 MP: 3/5
   629 | D:4      | Noticed an ogre
   632 | D:4      | Slain by an ogre

Illustrated notes

Levels and vault maps discovered:
D:3:      layout_loops_corners, uniq_natasha, uniq_ijyb, uniq_terence
D:4:      layout_rooms, mainiacjoe_overflow_small_starburst,
          nicolae_overflow_hidden_temple, serial_bayou, serial_bayou_lagoon_b,
          serial_bayou_ford_a, serial_bayou_lake_a, serial_bayou_pond_e
D:5:      layout_rooms, kennysheep_generic_room_16
D:6:      layout_loops_cross, hangedman_decor_riveting, st_stairs_11,
          uniq_menkaure, uniq_pikel

Skill      XL: |  1  2  3 |
---------------+----------+-----
Stealth        | |  9.6
Long Blades    | 1 |  1.0
Axes           | 1 |  1.0
Maces & Flails | 1 |  1.0
Polearms       | 1 |  1.0
Staves         | 1 |  1.0
Slings         | 1 |  1.0
Bows           | 1 |  1.0
Crossbows      | 1 |  1.0
Throwing       | 1 |  1.0
Armour         | 1 |  1.0
Shields        | 1 |  1.0
Unarmed Combat | 1 |  1.0
Spellcasting   | 1 |  1.0
Invocations    | 1 |  1.1
Evocations     | 1 |  1.0
Fighting       | |  6.6
Short Blades   | |  4.6
Dodging        | |  4.6
Conjurations   | |  0.8
Hexes          | |  0.8
Summonings     | |  0.8
Necromancy     | |  0.8
Translocations | |  0.8
Transmutations | |  0.8
Fire Magic     | |  0.8
Ice Magic      | |  0.8
Air Magic      | |  0.8
Earth Magic    | |  0.8
Poison Magic   | |  0.8

Action                   |  1- 3 |  4- 6 || total
-------------------------+-------+-------++-------
Melee: Short sword       |    45 |    11 ||    56
       Bite              |     8 |     1 ||     9
       Punch             |       |     1 ||     1
  Use: Scroll            |     1 |       ||     1
 Stab: Sleeping          |     1 |       ||     1
Armor: Leather armour    |     6 |     3 ||     9
Dodge: Dodged            |    34 |    10 ||    44
